 Dungeon Crawl Stone Soup version 0.22.0-5-gf09313c (webtiles) character file.

1684 Gergoth the Geomancer (level 9, -1/45 HPs)
             Began as a Gargoyle Earth Elementalist on Aug 13, 2018.
             Was a Follower of Vehumet.
             Slain by Joseph
             ... wielding a +0 quarterstaff
              (5 damage)
             ... on level 7 of the Dungeon.
             The game lasted 00:11:29 (4146 turns).

Gergoth the Geomancer (Gargoyle Earth Elementalist) Turns: 4146, Time: 00:11:29

Health: -1/45      AC: 10    Str: 11    XL:     9   Next: 2%
Magic:  6/20       EV: 11    Int: 20    God:    Vehumet [*.....]
Gold:   289        SH:  0    Dex: 10    Spells: 7/22 levels left

rFire    . . .     SeeInvis +   y - staff of energy
rCold    + . .     Gourm    .   (no shield)
rNeg     + . .     Faith    .   F - +0 leather armour {rC+}
rPois    ∞         Spirit   .   (no helmet)
rElec    +         Reflect  .   A - +0 cloak
rCorr    .         Harm     .   (no gloves)
MR       .....                  (no boots)
Stlth    ++........             t - amulet of regeneration
HPRegen  0.55/turn              i - ring of see invisible
MPRegen  0.17/turn              (no ring)

@: marked
A: negative energy resistance 1, electricity resistance, unbreathing,
petrification resistance, rot immunity, AC +6
a: Renounce Religion


You were on level 7 of the Dungeon.
You worshipped Vehumet.
Vehumet was aware of your devotion.
You were hungry.

You visited 2 branches of the dungeon, and saw 8 of its levels.

You collected 289 gold pieces.

Inventory:

Hand Weapons
 f - a +1 flail
Missiles
 b - 75 stones (quivered)
Armour
 c - a +0 robe
 k - a cursed +0 scale mail
 u - a +0 ring mail
 A - a +0 cloak (worn)
 F - a +0 leather armour of cold resistance (worn)
Magical Staves
 y - an uncursed staff of energy (weapon)
Jewellery
 g - an uncursed ring of fire {unknown}
 i - a ring of see invisible (left hand)
 j - an uncursed ring of flight {unknown}
 t - an amulet of regeneration (around neck)
Wands
 q - a wand of flame (43)
 s - a wand of random effects (27)
Scrolls
 e - 2 scrolls of enchant weapon
 m - 4 scrolls of magic mapping {unknown}
 o - a scroll of teleportation {unknown}
 x - 4 scrolls of remove curse {unknown}
 z - a scroll of fear {unknown}
 C - 2 scrolls of enchant armour {unknown}
Potions
 a - a potion of brilliance
 h - 2 potions of curing {unknown}
 l - 3 potions of haste {unknown}
 n - a potion of might {unknown}
 p - a potion of flight {unknown}
 r - 3 potions of agility
 v - a potion of ambrosia {unknown}
 w - 2 potions of heal wounds {unknown}
 B - a potion of berserk rage {unknown}
 E - a potion of lignification {unknown}
Comestibles
 d - 9 rations


   Skills:
 - Level 1.9 Dodging
 - Level 2.7 Stealth
 + Level 7.3 Spellcasting
 - Level 0.7 Transmutations
 - Level 10.0 Earth Magic


You had 7 spell levels left.
You knew the following spells:

 Your Spells              Type           Power        Failure   Level  Hunger
a - Sandblast             Erth           #####.       1%          1    None
b - Passwall              Tmut/Erth      ####....     1%          2    None
c - Stone Arrow           Conj/Erth      ####..       4%          3    None
d - Petrify               Tmut/Erth      ####....     13%         4    None
e - Lee's Rapid Deconstr  Erth           #####.....   5%          5    None

Your spell library contained the following spells:

 Spells                   Type           Power        Failure   Level  Hunger


Dungeon Overview and Level Annotations

Branches:
Dungeon (7/15)             Temple (1/1) D:4

Altars:
Cheibriados
Elyvilon
Fedhas
Gozag
Hepliaklqana
Nemelex Xobeh
Okawaru
Qazlal
Ru
Uskayaw
Vehumet
Yredelemnul
The Shining One

Shops:
D:5 =

Annotations:
D:6 Dowan, Duvessa
D:7 Joseph


Innate Abilities, Weirdness & Mutations

You are resistant to torment.
Your stone body is resilient. (AC +6)
You are immune to poison.
You resist negative energy. (rN+)
You are resistant to electric shocks. (rElec)
You can survive without breathing.
You are immune to petrification.
You are immune to rotting.


Message History

Casting: Sandblast (safe; 1% risk of failure)
Confirm with . or Enter, or press ? or * to list all spells.
Aiming: Sandblast (safe; 1% risk of failure)
Press: ? - help, Shift-Dir - straight line, f/p - Joseph
Aim: Joseph, wielding a quarterstaff and wearing a ring mail (severely wounded)
The blast of sand misses Joseph.
b - 76 stones Joseph hits you with an uncursed quarterstaff.
* * * LOW HITPOINT WARNING * * *
Casting: Sandblast (safe; 1% risk of failure)
Confirm with . or Enter, or press ? or * to list all spells.
Aiming: Sandblast (safe; 1% risk of failure)
Press: ? - help, Shift-Dir - straight line, f/p - Joseph
Aim: Joseph, wielding a quarterstaff and wearing a ring mail (severely wounded)
The blast of sand hits Joseph.
Joseph is almost dead.
b - 75 stones The hound stops to sniff the ground.
Joseph hits you with an uncursed quarterstaff.
You die...

# ## .# #.###. #..h.
#..@# #..@# #..(#
#...# #†..#
##########...#######
#........#...#......
#.########...#######
#.# #...# #.# #...#


You could see Joseph and a hound.

Vanquished Creatures
  Grinder (D:6)
  Eustachio (D:6)
  A sky beast (D:7)
  A necrophage (D:5)
  A phantom (D:6)
  2 bullfrogs
  3 scorpions
  3 crimson imps
  A centaur zombie (D:7)
  A quasit (D:7)
  A hound (D:6)
  2 jellies
  An orc priest (D:6)
  Terence (D:2)
  4 orc wizards
  5 worker ants (D:4)
  A hound zombie (D:4)
  A howler monkey zombie (D:6)
  5 gnolls
  A howler monkey skeleton (D:5)
  8 adders
  4 adder skeletons
  4 worms
  2 dart slugs
  3 leopard geckos
  9 orcs
  2 ball pythons (D:3)
  5 bats
  2 giant cockroaches (D:2)
  7 hobgoblins
  15 jackals
  12 kobolds
  A quokka (D:3)
  4 frilled lizards
  2 goblins (D:1)
  A quokka skeleton (D:4)
  11 rats
129 creatures vanquished.

Notes
Turn   | Place    | Note
-------+----------+-------------------------------------------
     0 | D:1      | Gergoth the Gargoyle Earth Elementalist began the quest for the Orb.
     0 | D:1      | Reached XP level 1. HP: 10/10 MP: 3/3
    34 | D:1      | Reached XP level 2. HP: 15/15 MP: 0/5
   258 | D:1      | Reached skill level 4 in Earth Magic
   296 | D:1      | Reached XP level 3. HP: 13/19 MP: 6/6
   903 | D:2      | Learned a level 2 spell: Passwall
   907 | D:2      | Learned a level 3 spell: Stone Arrow
   992 | D:2      | Reached XP level 4. HP: 18/24 MP: 3/8
  1248 | D:2      | Found a sacrificial altar of Ru.
  1258 | D:2      | Noticed Terence
  1264 | D:2      | Killed Terence
  1312 | D:2      | Reached skill level 5 in Earth Magic
  1355 | D:3      | Reached XP level 5. HP: 27/28 MP: 2/9
  1613 | D:3      | Reached XP level 6. HP: 25/32 MP: 2/11
  1743 | D:3      | Reached skill level 6 in Earth Magic
  1770 | D:3      | Learned a level 4 spell: Petrify
  2336 | D:4      | Found a staircase to the Ecumenical Temple.
  2342 | Temple   | Entered the Ecumenical Temple
  2365 | Temple   | Became a worshipper of Vehumet
  2467 | D:4      | Reached XP level 7. HP: 32/36 MP: 5/14
  2536 | D:4      | Found a sparkling altar of Nemelex Xobeh.
  2628 | D:5      | Entered Level 5 of the Dungeon
  2757 | D:5      | Reached skill level 7 in Earth Magic
  2816 | D:5      | Found Vofe's Jewellery Shop.
  3026 | D:5      | Reached skill level 5 in Spellcasting
  3335 | D:6      | Noticed Grinder
  3441 | D:6      | Paralysed by Grinder for 5 turns
  3447 | D:6      | Killed Grinder
  3447 | D:6      | Reached skill level 8 in Earth Magic
  3462 | D:6      | Noticed Duvessa
  3462 | D:6      | Noticed Dowan
  3523 | D:5      | Reached XP level 8. HP: 41/41 MP: 14/16
  3710 | D:6      | Reached * piety under Vehumet
  3710 | D:6      | Offered knowledge of Shock by Vehumet.
  3713 | D:6      | Noticed Eustachio
  3716 | D:6      | Reached skill level 9 in Earth Magic
  3720 | D:6      | Killed Eustachio
  4006 | D:7      | Reached XP level 9. HP: 45/45 MP: 11/19
  4023 | D:7      | Learned a level 5 spell: Lee's Rapid Deconstruction
  4076 | D:7      | Reached skill level 10 in Earth Magic
  4137 | D:7      | Noticed Joseph
  4146 | D:7      | Slain by Joseph

Skill      XL: |  1  2  3  4  5  6  7  8  9 |
---------------+----------------------------+-----
Earth Magic    | 4 5 6 8 9 10 | 10.0
Spellcasting   | 3 4 5 7 |  7.3
Dodging        | |  1.9
Stealth        | |  2.7
Transmutations | |  0.7

Action                   |  1- 3 |  4- 6 |  7- 9 || total
-------------------------+-------+-------+-------++-------
Melee: Unarmed           |     2 |       |       ||     2
       Flail             |    74 |    45 |       ||   119
       Staff             |       |       |    18 ||    18
 Cast: Sandblast         |    35 |    80 |    35 ||   150
       Stone Arrow       |     1 |     3 |    45 ||    49
       Petrify           |       |       |     1 ||     1
  Use: Scroll            |       |     4 |     1 ||     5
 Stab: Sleeping          |     5 |       |       ||     5
  Eat: Chunk             |     1 |     5 |     4 ||    10
Armor: Robe              |    30 |    28 |    16 ||    74
       Leather armour    |       |       |     2 ||     2
Dodge: Dodged            |    75 |    49 |    26 ||   150
